 Dungeon Crawl Stone Soup version 0.25.0-46-gbd7b0854d2 (webtiles) character file.

Game seed: 3249099311816027288

86 DerDa the Magician (level 4, -3/30 HPs)
             Began as a Mummy Wizard on July 16, 2020.
             Slain by a goblin
             ... wielding a +0 club
             ... led by Robin
              (5 damage)
             ... on level 2 of the Dungeon.
             The game lasted 00:07:30 (3458 turns).

DerDa the Magician (Mummy Wizard)                   Turns: 3458, Time: 00:07:30

Health: -3/30      AC:  3    Str: 10    XL:     4   Next: 26%
Magic:  1/11       EV: 11    Int: 18    God:
Gold:   79         SH:  0    Dex: 10    Spells: 3/13 levels left

rFire    x . .     SeeInvis .   e - +1 dagger (drain)
rCold    + . .     Gourm    .   (no shield)
rNeg     + + +     Faith    .   h - +0 leather armour (curse)
rPois    ∞         Spirit   .   b - +0 hat
rElec    .         Reflect  .   (no cloak)
rCorr    .         Harm     .   (no gloves)
MR       .....                  (no boots)
Stlth    +.........             (no amulet)
HPRegen  0.10/turn              (no ring)
MPRegen  0.12/turn              (no ring)

@: no status effects
A: no food or potions, fire vulnerability, cold resistance 1, negative energy
resistance 3, torment resistance, unbreathing
a: no special abilities


You were on level 2 of the Dungeon.
You were not hungry.

You visited 1 branch of the dungeon, and saw 3 of its levels.

You collected 79 gold pieces.

Inventory:

Hand Weapons
 e - a +1 dagger of draining (weapon)
 g - a +0 hunting sling
Missiles
 c - 99 stones (quivered)
 j - 30 sling bullets
Armour
 a - a +0 robe
 b - a +0 hat (worn)
 h - a cursed +0 leather armour (worn)
Scrolls
 d - a scroll of identify {unknown}
 f - a scroll of teleportation
 i - a scroll of blinking {unknown}


   Skills:
 - Level 1.5 Dodging
 - Level 1.5 Stealth
 * Level 5.3 Spellcasting
 * Level 2.3 Conjurations
 - Level 0.7 Summonings
 - Level 0.7 Translocations
 + Level 0.1 Air Magic
 + Level 0.1 Poison Magic


You had 3 spell levels left.
You knew the following spells:

 Your Spells              Type           Power        Failure   Level  Hunger
a - Magic Dart            Conj           ##..         7%          1    N/A
b - Mephitic Cloud        Conj/Pois/Air  #.......     36%         3    N/A
c - Call Imp              Summ           #.......     21%         2    N/A
d - Slow                  Hex            #.......     26%         2    N/A
q - Blink                 Tloc           N/A          21%         2    N/A

Your spell library contained the following spells:

 Spells                   Type           Power        Failure   Level  Hunger
 Conjure Flame            Conj/Fire      #.......     32%         3    N/A

Dungeon Overview and Level Annotations

Branches:
Dungeon (3/15)

Altars:
Ashenzari

Annotations:
D:2 Robin
D:3 Terence


Innate Abilities, Weirdness & Mutations

You do not eat or drink.
Your flesh is vulnerable to fire.
You are immune to poison.
Your flesh is cold resistant. (rC+)
You are immune to negative energy. (rN+++)
You are immune to unholy pain and torment.
You can survive without breathing.


Message History

The goblin barely misses you. The goblin hits you with a +0 club.
The goblin hits you with a +0 club. The goblin misses you.
Robin roars a battlecry!
The goblin goes into a battle-frenzy!
Robin throws the goblin at you!
You hit the goblin. You drain the goblin.
You kill the goblin!
The goblin hits you but does no damage. The goblin misses you.
You see here a +0 club.
Robin throws the goblin at you! The goblin hits you.
Robin throws the goblin at you!
* * * LOW HITPOINT WARNING * * *
The goblin hits you.
* * * LOW HITPOINT WARNING * * *
The goblin hits you with a +0 club.
* * * LOW HITPOINT WARNING * * *
There is a stone staircase leading up here.
The goblin hits you with a +0 club.
You die...

.............#
........g....#
.............# ..#
.#........g##.#.#####
.............g.g.........#
#.#......#..#........#####
#.#......#..###g)#.#.#
#.#......#..###gg#.#.#
...............g@#.#.#
#.#.#..........g...#.#
.........##..###.###.#
#............# #.# #.#
#.#.##...##..# #.# #.#
#.######.##..# #.# #.# #.#
#.##..###.###.# ...
#.†........##.# ..#
#.##.####.###.#


You could see Robin, 3 hobgoblins and 4 goblins.

Vanquished Creatures
  2 adders (D:1)
  A worm (D:2)
  A giant cockroach (D:2)
  13 goblins
  8 hobgoblins
  12 jackals
  9 kobolds
  A ball python (D:2)
  3 bats
  3 rats (D:2)
53 creatures vanquished.

Notes
Turn   | Place    | Note
-------+----------+-------------------------------------------
     0 | D:1      | DerDa the Mummy Wizard began the quest for the Orb.
     0 | D:1      | Reached XP level 1. HP: 13/13 MP: 5/5
   191 | D:1      | Reached skill level 1 in Conjurations
   380 | D:1      | Reached XP level 2. HP: 19/19 MP: 2/7
  1345 | D:1      | Reached XP level 3. HP: 17/24 MP: 3/9
  1971 | D:1      | Reached skill level 5 in Spellcasting
  2087 | D:1      | HP: 1/24 [worm (7)]
  2103 | D:1      | HP: 1/24 [goblin/+0 club (1)]
  2685 | D:2      | Reached XP level 4. HP: 9/30 MP: 1/11
  2953 | D:3      | Noticed Terence
  2966 | D:2      | Learned a level 3 spell: Mephitic Cloud
  2969 | D:2      | Learned a level 2 spell: Call Imp
  2972 | D:2      | Learned a level 2 spell: Slow
  2975 | D:2      | Learned a level 2 spell: Blink
  3063 | D:2      | Found a shattered altar of Ashenzari.
  3441 | D:2      | Noticed Robin
  3458 | D:2      | Slain by a goblin

Illustrated notes

Levels and vault maps discovered:
D:1:      roderic_chinese_lattice_arrival, layout_basic,
          minmay_indecisive_spiral
D:2:      layout_basic, lemuel_blue_sif_altar, evilmike_ruin_ashenzari,
          uniq_robin
D:3:      layout_loops_cross, cheibriados_altar_1, first_ration,
          minmay_misc_feat_room, uniq_terence, uniq_crazy_yiuf_cottage,
          uniq_natasha

Skill      XL: |  1  2  3 |
---------------+----------+-----
Conjurations   | 1 2 |  2.3
Spellcasting   | 5 |  5.3
Dodging        | |  1.5
Stealth        | |  1.5
Summonings     | |  0.7
Translocations | |  0.7
Air Magic      | |  0.1
Poison Magic   | |  0.1

Action                   |  1- 3 |  4- 6 || total
-------------------------+-------+-------++-------
Melee: Club              |    11 |       ||    11
       Unarmed           |     2 |       ||     2
       Dagger            |    18 |     5 ||    23
 Cast: Magic Dart        |   125 |    42 ||   167
  Use: Scroll            |     1 |       ||     1
Armor: Leather armour    |    25 |     7 ||    32
Dodge: Dodged            |    97 |    17 ||   114
